[ AOE2 MATCH · #480500466 ]
UnrankedItalians vs Dravidians
[ REPLAY ANALYSIS · EXTRACTED FROM THE RECORDED GAME ]
Feudal
13:08
Castle
18:49
Imperial
—
| APM avg | 26.5 |
| APM peak | 53 |
| eAPM avg | 9.9 |
| Villagers / military | 39 / 0 |
Focus
⚔️ 15.9% · 🌾 84.1%
Unknown (2626) ×14 · Fishing Ship ×9
Feudal
16:39
Castle
—
Imperial
—
| APM avg | 28.5 |
| APM peak | 58 |
| eAPM avg | 13.9 |
| Villagers / military | 46 / 11 |
Focus
⚔️ 26.6% · 🌾 73.4%
Militia ×10 · Fishing Ship ×4 · Unknown (2626) ×3 · Demolition Raft ×1
Feudal
13:51
Castle
17:30
Imperial
—
| APM avg | 32.1 |
| APM peak | 90 |
| eAPM avg | 17.4 |
| Villagers / military | 37 / 7 |
Focus
⚔️ 9.0% · 🌾 91.0%
Fishing Ship ×7 · Hussite Wagon ×7
Feudal
15:41
Castle
19:41
Imperial
—
| APM avg | 17.0 |
| APM peak | 83 |
| eAPM avg | 8.5 |
| Villagers / military | 35 / 12 |
Focus
⚔️ 28.0% · 🌾 72.0%
Fishing Ship ×13 · Galley ×5 · Conquistador ×5 · Unknown (2626) ×2 · Monk ×1 · Demolition Raft ×1
Feudal
16:31
Castle
—
Imperial
—
| APM avg | 18.3 |
| APM peak | 51 |
| eAPM avg | 8.8 |
| Villagers / military | 33 / 0 |
Focus
⚔️ 15.0% · 🌾 85.0%
Fishing Ship ×11 · Unknown (2626) ×1
Feudal
15:02
Castle
—
Imperial
—
| APM avg | 42.2 |
| APM peak | 90 |
| eAPM avg | 19.2 |
| Villagers / military | 38 / 3 |
Focus
⚔️ 23.3% · 🌾 76.7%
Fishing Ship ×6 · Galley ×3 · Trade Cog ×1
Match map
Initial resources + every placement click. Lines = walls · curves = elevation contours. ◆ gold · ⬟ stone · ● berries · ✦ relic · ◌ wall gap
Your base· Open — unwalled flank
Yojimbo's base· Open — unwalled flank
simon_taplin's base· Open — 5t gap
marineEdgeLord's base· Open — unwalled flank
10pastnein's base· Open — unwalled flank
zeyrek's base· Open — 10t gap
Smoothed initial terrain · ◌ = detected wall gap · hover for details
Inputs per minute
— Mibbiwocket - - Yojimbo
Build order — Mibbiwocket
99 actions detected in the replay
| 0:20 | Build | Town Center |
| 1:12 | Build | Dock |
| 1:14 | Build | House |
| 2:33 | Create | Villager (Male) |
| 2:33 | Create | Villager (Male) |
| 2:34 | Create | Villager (Male) |
| 2:34 | Create | Villager (Male) |
| 3:35 | Create | Fishing Ship |
| 4:16 | Create | Villager (Male) |
| 4:16 | Create | Villager (Male) |
| 4:33 | Create | Fishing Ship |
| 4:34 | Create | Fishing Ship |
| 4:58 | Research | Loom |
| 5:05 | Build | House |
| 5:24 | Create | Villager (Male) |
| 5:25 | Create | Villager (Male) |
| 6:05 | Create | Villager (Male) |
| 6:07 | Create | Fishing Ship |
| 6:28 | Build | House |
| 6:32 | Create | Villager (Male) |
| 6:58 | Create | Villager (Male) |
| 7:00 | Create | Villager (Male) |
| 7:01 | Create | Villager (Male) |
| 7:25 | Create | Fishing Ship |
| 7:30 | Build | House |
| 7:48 | Create | Fishing Ship |
| 8:14 | Create | Villager (Male) |
| 8:14 | Create | Villager (Male) |
| 8:42 | Create | Fishing Ship |
| 8:46 | Build | House |
| 9:10 | Create | Villager (Male) |
| 9:22 | Create | Villager (Male) |
| 9:23 | Create | Fishing Ship |
| 9:58 | Create | Villager (Male) |
| 10:06 | Build | Mining Camp |
| 10:13 | Create | Fishing Ship |
| 10:25 | Create | Villager (Male) |
| 10:58 | Research | Feudal Age |
| 11:27 | Build | Lumber Camp |
| 11:53 | Build | Dock |
| 11:56 | Build | House |
| 13:06 | Create | Villager (Male) |
| 13:07 | Create | Villager (Male) |
| 13:08 | Age | Feudal Age |
| 13:13 | Create | Unit 2626 |
| 13:13 | Create | Unit 2626 |
| 13:24 | Research | Double-Bit Axe |
| 13:35 | Build | Blacksmith |
| 13:41 | Build | Mill |
| 13:46 | Create | Villager (Male) |
| 13:59 | Create | Unit 2626 |
| 13:59 | Create | Unit 2626 |
| 14:08 | Build | House |
| 14:09 | Build | House |
| 14:15 | Research | Wheelbarrow |
| 15:17 | Build | Market |
| 15:20 | Build | House |
| 15:26 | Create | Unit 2626 |
| 15:44 | Create | Villager (Male) |
| 16:04 | Research | Castle Age |
| 16:23 | Create | Villager (Male) |
| 16:33 | Create | Unit 2626 |
| 16:33 | Create | Unit 2626 |
| 16:43 | Research | Forging |
| 17:18 | Research | Tech 906 |
| 17:32 | Build | House |
| 17:32 | Build | House |
| 17:32 | Build | House |
| 17:32 | Build | House |
| 17:33 | Build | House |
| 17:33 | Build | House |
| 17:33 | Build | House |
| 17:38 | Build | Barracks |
| 17:51 | Create | Unit 2626 ×2 |
| 18:40 | Create | Unit 2626 ×2 |
| 18:49 | Age | Castle Age |
| 19:15 | Research | War Galley (upgrade) |
| 19:24 | Create | Unit 2626 ×2 |
| 19:37 | Research | Gold Mining |
| 19:40 | Create | Villager (Male) |
| 19:41 | Create | Villager (Male) |
| 20:07 | Create | Unit 2626 |
| 20:17 | Research | Iron Casting |
| 20:45 | Create | Villager (Male) |
| 20:46 | Create | Villager (Male) |
| 20:46 | Create | Villager (Male) |
| 20:47 | Create | Villager (Male) |
| 20:54 | Build | Town Center |
| 21:56 | Build | Town Center |
| 22:17 | Create | Villager (Male) |
| 22:18 | Create | Villager (Male) |
| 22:18 | Create | Villager (Male) |
| 22:18 | Create | Villager (Male) |
| 23:04 | Create | Villager (Male) |
| 23:04 | Create | Villager (Male) |
| 23:29 | Create | Villager (Male) |
| 23:29 | Create | Villager (Male) |
| 23:29 | Create | Villager (Male) |
| 23:31 | Research | Hand Cart |
Build order — Yojimbo
95 actions detected in the replay
| 1:03 | Build | Town Center |
| 1:59 | Build | House |
| 2:04 | Build | House |
| 3:22 | Create | Villager (Male) ×4 |
| 3:22 | Create | Villager (Male) ×4 |
| 4:24 | Build | House |
| 4:25 | Build | House |
| 5:06 | Research | Loom |
| 5:11 | Create | Villager (Male) ×3 |
| 5:12 | Create | Villager (Male) ×3 |
| 6:20 | Create | Villager (Male) |
| 6:20 | Create | Villager (Male) |
| 6:20 | Create | Villager (Male) |
| 6:21 | Create | Villager (Male) |
| 6:47 | Create | Villager (Male) ×2 |
| 7:27 | Create | Villager (Male) |
| 7:37 | Create | Villager (Male) |
| 7:37 | Create | Villager (Male) |
| 8:18 | Create | Villager (Male) |
| 8:31 | Build | Dock |
| 8:37 | Create | Villager (Male) |
| 8:37 | Create | Villager (Male) |
| 9:00 | Build | Barracks |
| 9:29 | Create | Fishing Ship |
| 9:58 | Create | Villager (Male) |
| 9:58 | Create | Villager (Male) |
| 10:21 | Build | Mining Camp |
| 10:33 | Create | Fishing Ship |
| 10:43 | Create | Militia |
| 11:23 | Create | Villager (Male) |
| 11:27 | Create | Villager (Male) |
| 11:27 | Create | Villager (Male) |
| 11:45 | Create | Villager (Male) |
| 12:06 | Create | Fishing Ship |
| 12:06 | Create | Fishing Ship |
| 12:12 | Create | Militia |
| 13:07 | Create | Villager (Male) |
| 13:47 | Build | Mill |
| 14:00 | Create | Militia |
| 14:01 | Create | Militia |
| 14:01 | Create | Militia |
| 14:21 | Build | Farm |
| 14:22 | Build | Farm |
| 14:22 | Build | Farm |
| 14:22 | Build | Farm |
| 14:22 | Build | Farm |
| 14:23 | Build | Farm |
| 14:23 | Build | Farm |
| 14:23 | Build | Farm |
| 14:29 | Research | Feudal Age |
| 14:30 | Research | Feudal Age |
| 14:40 | Build | House |
| 14:48 | Build | Palisade Wall |
| 15:02 | Build | Palisade Wall |
| 15:04 | Build | Palisade Wall |
| 15:11 | Build | Palisade Gate |
| 15:20 | Create | Militia |
| 15:20 | Create | Militia |
| 16:39 | Build | Dock |
| 16:39 | Age | Feudal Age |
| 16:43 | Create | Villager (Male) |
| 16:43 | Create | Villager (Male) |
| 16:43 | Create | Villager (Male) |
| 16:45 | Research | Man-at-Arms (upgrade) |
| 16:45 | Research | Man-at-Arms (upgrade) |
| 17:04 | Create | Demolition Raft |
| 17:25 | Build | Farm |
| 17:27 | Create | Villager (Male) |
| 17:27 | Create | Villager (Male) |
| 17:41 | Build | Watch Tower |
| 18:02 | Create | Unit 2626 |
| 18:02 | Create | Unit 2626 |
| 18:02 | Create | Unit 2626 |
| 18:08 | Create | Villager (Male) |
| 18:08 | Create | Villager (Male) |
| 18:08 | Create | Villager (Male) |
| 18:21 | Build | Lumber Camp |
| 19:12 | Build | House |
| 19:13 | Build | House |
| 19:14 | Build | House |
| 19:23 | Create | Militia ×2 |
| 19:57 | Build | Farm |
| 20:01 | Build | Farm |
| 20:03 | Create | Villager (Male) |
| 20:08 | Build | Farm |
| 20:17 | Build | Mining Camp |
| 20:21 | Create | Militia |
| 20:32 | Build | Farm |
| 20:39 | Create | Villager (Male) |
| 21:45 | Build | Farm |
| 21:46 | Build | Farm |
| 21:51 | Research | Double-Bit Axe |
| 21:55 | Create | Villager (Male) |
| 21:56 | Create | Villager (Male) |
| 21:56 | Create | Villager (Male) |
Build order — simon_taplin
79 actions detected in the replay
| 0:04 | Build | Town Center |
| 0:26 | Build | House |
| 1:10 | Build | Dock |
| 2:25 | Create | Villager (Male) |
| 2:25 | Create | Villager (Male) |
| 2:25 | Create | Villager (Male) |
| 2:26 | Create | Villager (Male) |
| 3:32 | Create | Fishing Ship |
| 3:49 | Create | Villager (Male) |
| 4:37 | Research | Loom |
| 4:48 | Build | House |
| 4:58 | Create | Villager (Male) |
| 5:31 | Create | Villager (Male) |
| 5:54 | Create | Villager (Male) |
| 5:55 | Create | Villager (Male) |
| 5:56 | Create | Villager (Male) |
| 6:01 | Build | House |
| 6:40 | Create | Villager (Male) |
| 7:00 | Create | Villager (Male) |
| 7:23 | Build | Mill |
| 7:40 | Create | Villager (Male) |
| 8:02 | Create | Villager (Male) |
| 8:21 | Create | Fishing Ship |
| 8:43 | Build | House |
| 8:47 | Create | Villager (Male) |
| 9:14 | Create | Fishing Ship |
| 9:21 | Create | Villager (Male) |
| 9:22 | Create | Villager (Male) |
| 9:23 | Create | Villager (Male) |
| 9:54 | Create | Fishing Ship |
| 9:55 | Create | Fishing Ship |
| 9:57 | Create | Villager (Male) |
| 10:15 | Build | House |
| 10:41 | Build | House |
| 11:16 | Create | Villager (Male) |
| 11:22 | Build | House |
| 11:29 | Research | Feudal Age |
| 11:34 | Build | Mining Camp |
| 12:01 | Create | Fishing Ship |
| 12:04 | Create | Villager (Male) |
| 12:31 | Create | Fishing Ship |
| 13:51 | Age | Feudal Age |
| 13:56 | Build | Market |
| 14:07 | Build | Blacksmith |
| 14:25 | Build | Farm |
| 14:27 | Build | Farm |
| 14:50 | Research | Castle Age |
| 15:00 | Build | Mining Camp |
| 15:24 | Build | Farm |
| 15:49 | Build | Watch Tower |
| 16:45 | Create | Villager (Male) |
| 16:58 | Create | Villager (Male) |
| 17:24 | Build | Mining Camp |
| 17:30 | Age | Castle Age |
| 17:35 | Create | Villager (Male) |
| 18:08 | Build | Castle |
| 18:32 | Create | Villager (Male) |
| 19:19 | Create | Villager (Male) |
| 19:24 | Create | Hussite Wagon |
| 19:44 | Create | Villager (Male) |
| 19:57 | Create | Hussite Wagon |
| 20:04 | Create | Villager (Male) |
| 20:20 | Build | Farm |
| 20:29 | Create | Villager (Male) |
| 20:44 | Create | Hussite Wagon |
| 20:47 | Create | Villager (Male) |
| 21:35 | Build | Castle |
| 21:44 | Create | Villager (Male) |
| 21:44 | Create | Villager (Male) |
| 21:44 | Create | Villager (Male) |
| 21:47 | Create | Hussite Wagon |
| 22:06 | Create | Hussite Wagon |
| 22:08 | Create | Villager (Male) |
| 22:28 | Create | Hussite Wagon |
| 23:07 | Create | Villager (Male) |
| 23:09 | Create | Hussite Wagon |
| 23:49 | Create | Villager (Male) |
| 23:56 | Build | Farm |
| 24:00 | Create | Villager (Male) |
Build order — marineEdgeLord
104 actions detected in the replay
| 0:23 | Build | Dock |
| 0:34 | Build | Town Center |
| 3:02 | Create | Villager (Male) |
| 3:02 | Create | Villager (Male) |
| 3:02 | Create | Villager (Male) |
| 3:03 | Create | Villager (Male) |
| 3:06 | Create | Villager (Male) |
| 3:07 | Research | Loom |
| 4:09 | Create | Fishing Ship |
| 4:31 | Build | House |
| 5:00 | Create | Villager (Male) |
| 5:17 | Create | Fishing Ship |
| 5:38 | Create | Fishing Ship |
| 5:56 | Create | Villager (Male) |
| 6:16 | Build | House |
| 6:26 | Create | Villager (Male) |
| 6:27 | Create | Villager (Male) |
| 6:41 | Create | Villager (Male) |
| 7:05 | Build | Palisade Wall |
| 7:09 | Build | Palisade Gate |
| 7:14 | Create | Villager (Male) |
| 7:24 | Create | Villager (Male) |
| 7:38 | Create | Fishing Ship |
| 7:49 | Create | Villager (Male) |
| 8:03 | Build | House |
| 8:07 | Create | Villager (Male) |
| 8:16 | Create | Fishing Ship |
| 8:41 | Create | Villager (Male) |
| 8:47 | Build | Mill |
| 9:05 | Create | Villager (Male) |
| 9:09 | Build | House |
| 9:20 | Build | House |
| 9:27 | Create | Villager (Male) |
| 9:36 | Create | Fishing Ship |
| 9:51 | Create | Villager (Male) |
| 9:57 | Build | Palisade Wall |
| 10:14 | Build | Palisade Gate |
| 10:22 | Create | Villager (Male) |
| 10:32 | Create | Fishing Ship |
| 11:18 | Create | Villager (Male) |
| 11:18 | Create | Fishing Ship |
| 11:24 | Build | Dock |
| 11:33 | Create | Villager (Male) |
| 11:46 | Build | Dock |
| 11:50 | Create | Villager (Male) |
| 11:58 | Build | Mining Camp |
| 12:03 | Build | Palisade Wall |
| 12:19 | Build | Barracks |
| 12:32 | Create | Fishing Ship |
| 12:40 | Create | Villager (Male) |
| 12:52 | Create | Fishing Ship |
| 13:31 | Research | Feudal Age |
| 13:49 | Create | Fishing Ship |
| 13:52 | Create | Fishing Ship |
| 14:33 | Build | Palisade Wall |
| 14:42 | Build | Palisade Gate |
| 15:09 | Build | Lumber Camp |
| 15:17 | Build | House |
| 15:20 | Build | Palisade Wall |
| 15:41 | Age | Feudal Age |
| 15:46 | Create | Villager (Male) |
| 15:46 | Create | Villager (Male) |
| 15:55 | Build | Market |
| 16:02 | Build | Palisade Wall |
| 16:08 | Build | Blacksmith |
| 16:11 | Create | Villager (Male) |
| 16:19 | Build | Mining Camp |
| 16:31 | Research | Double-Bit Axe |
| 16:46 | Create | Unit 2626 |
| 16:50 | Research | Castle Age |
| 17:17 | Create | Unit 2626 |
| 17:20 | Create | Galley |
| 17:22 | Research | Fletching |
| 17:56 | Create | Galley |
| 18:16 | Create | Demolition Raft |
| 18:18 | Create | Fishing Ship |
| 18:26 | Create | Galley |
| 19:41 | Age | Castle Age |
| 19:45 | Research | War Galley (upgrade) |
| 19:46 | Research | Bodkin Arrow |
| 19:52 | Create | Villager (Male) |
| 19:52 | Create | Villager (Male) |
| 19:52 | Create | Villager (Male) |
| 19:52 | Create | Villager (Male) |
| 19:56 | Research | Bow Saw |
| 20:17 | Research | Wheelbarrow |
| 20:27 | Build | Castle |
| 20:40 | Research | Padded Archer Armor |
| 21:02 | Create | Galley |
| 21:03 | Create | Galley |
| 21:07 | Create | Villager (Male) |
| 21:07 | Create | Villager (Male) |
| 21:07 | Create | Villager (Male) |
| 21:07 | Create | Villager (Male) |
| 21:08 | Create | Villager (Male) |
| 21:33 | Create | Conquistador |
| 21:33 | Create | Conquistador |
| 21:36 | Create | Conquistador |
| 21:37 | Create | Conquistador |
| 21:37 | Create | Conquistador |
| 21:59 | Build | Monastery |
| 22:14 | Build | Lumber Camp |
| 22:25 | Research | Gold Mining |
| 22:34 | Create | Monk |
Build order — 10pastnein
80 actions detected in the replay
| 0:39 | Build | Town Center |
| 0:52 | Build | Dock |
| 0:54 | Build | House |
| 3:00 | Create | Villager (Male) |
| 3:00 | Create | Villager (Male) |
| 3:00 | Create | Villager (Male) |
| 3:01 | Create | Villager (Male) |
| 4:08 | Create | Fishing Ship |
| 4:26 | Create | Villager (Male) |
| 5:02 | Create | Fishing Ship |
| 5:19 | Build | House |
| 5:31 | Research | Loom |
| 5:59 | Create | Fishing Ship |
| 6:02 | Build | House |
| 6:08 | Create | Villager (Male) |
| 6:45 | Create | Fishing Ship |
| 6:50 | Create | Villager (Male) |
| 7:26 | Create | Fishing Ship |
| 7:35 | Create | Villager (Male) |
| 8:06 | Create | Villager (Male) |
| 8:27 | Create | Villager (Male) |
| 8:28 | Create | Villager (Male) |
| 8:52 | Create | Villager (Male) |
| 9:33 | Create | Fishing Ship |
| 9:39 | Build | House |
| 9:45 | Create | Villager (Male) |
| 9:52 | Build | House |
| 10:25 | Build | Palisade Wall |
| 10:34 | Build | Palisade Wall |
| 10:41 | Create | Villager (Male) |
| 10:42 | Create | Villager (Male) |
| 10:47 | Create | Fishing Ship |
| 10:48 | Create | Fishing Ship |
| 11:08 | Create | Villager (Male) |
| 11:42 | Create | Fishing Ship |
| 12:11 | Build | House |
| 12:25 | Create | Villager (Male) |
| 13:24 | Build | Lumber Camp |
| 14:19 | Build | Mill |
| 14:21 | Research | Feudal Age |
| 15:37 | Create | Fishing Ship |
| 15:38 | Create | Fishing Ship |
| 15:48 | Create | Villager (Male) |
| 15:49 | Create | Villager (Male) |
| 16:31 | Age | Feudal Age |
| 16:42 | Create | Villager (Male) |
| 16:44 | Create | Villager (Male) |
| 16:53 | Create | Unit 2626 |
| 17:02 | Build | Mining Camp |
| 19:09 | Create | Villager (Male) |
| 19:10 | Create | Villager (Male) |
| 19:10 | Create | Villager (Male) |
| 19:15 | Build | Mining Camp |
| 19:17 | Build | House |
| 19:18 | Build | House |
| 19:19 | Build | House |
| 19:41 | Create | Villager (Male) |
| 20:12 | Build | Farm |
| 20:13 | Build | Farm |
| 20:13 | Build | Farm |
| 20:13 | Build | Farm |
| 20:13 | Build | Farm |
| 20:13 | Build | Farm |
| 20:14 | Build | Farm |
| 20:14 | Build | Farm |
| 20:14 | Build | Farm |
| 20:14 | Build | Farm |
| 20:14 | Build | Farm |
| 20:15 | Create | Villager (Male) ×5 |
| 20:48 | Build | Barracks |
| 20:51 | Build | House |
| 21:28 | Build | Blacksmith |
| 22:10 | Build | House |
| 22:15 | Build | Stable |
| 22:17 | Build | House |
| 22:18 | Build | House |
| 22:20 | Create | Villager (Male) |
| 22:21 | Create | Villager (Male) |
| 22:31 | Research | Horse Collar |
| 23:23 | Create | Villager (Male) |
Build order — zeyrek
82 actions detected in the replay
| 0:07 | Build | Town Center |
| 2:20 | Research | Loom |
| 2:20 | Research | Loom |
| 3:45 | Create | Villager (Male) |
| 3:59 | Create | Villager (Male) |
| 4:40 | Create | Villager (Male) |
| 5:16 | Build | Dock |
| 5:36 | Create | Villager (Male) |
| 5:37 | Create | Villager (Male) |
| 5:37 | Create | Villager (Male) |
| 5:44 | Build | House |
| 6:05 | Build | House |
| 6:52 | Create | Villager (Male) |
| 6:52 | Create | Villager (Male) |
| 6:52 | Create | Villager (Male) |
| 6:55 | Create | Fishing Ship |
| 7:14 | Create | Villager (Male) |
| 7:14 | Create | Villager (Male) |
| 7:18 | Create | Villager (Male) |
| 7:39 | Create | Fishing Ship |
| 8:23 | Create | Villager (Male) |
| 8:24 | Create | Villager (Male) |
| 8:24 | Create | Villager (Male) |
| 8:41 | Create | Villager (Male) |
| 8:42 | Create | Villager (Male) |
| 8:47 | Build | Mill |
| 9:01 | Create | Villager (Male) |
| 9:19 | Create | Villager (Male) |
| 9:48 | Build | Lumber Camp |
| 9:53 | Create | Villager (Male) |
| 9:57 | Create | Fishing Ship |
| 10:42 | Create | Fishing Ship |
| 11:13 | Create | Villager (Male) |
| 11:39 | Create | Fishing Ship |
| 11:42 | Build | House |
| 11:43 | Create | Villager (Male) |
| 12:11 | Create | Fishing Ship |
| 12:22 | Build | Dock |
| 12:43 | Build | Mill |
| 12:49 | Create | Villager (Male) |
| 12:52 | Research | Feudal Age |
| 13:31 | Build | Barracks |
| 13:49 | Build | Mining Camp |
| 13:51 | Create | Villager (Male) |
| 14:03 | Create | Villager (Male) |
| 14:54 | Build | Palisade Wall |
| 14:56 | Build | Palisade Wall |
| 15:02 | Age | Feudal Age |
| 15:10 | Create | Galley |
| 15:23 | Create | Villager (Male) |
| 15:23 | Create | Villager (Male) |
| 15:26 | Research | Double-Bit Axe |
| 15:26 | Research | Double-Bit Axe |
| 15:27 | Create | Villager (Male) |
| 15:36 | Build | Watch Tower |
| 15:38 | Build | Palisade Wall |
| 15:47 | Build | Palisade Wall |
| 15:54 | Build | Palisade Wall |
| 16:10 | Build | House |
| 16:38 | Build | Palisade Wall |
| 16:38 | Build | Palisade Wall |
| 16:40 | Build | Palisade Wall |
| 16:41 | Create | Villager (Male) |
| 16:46 | Create | Galley |
| 16:48 | Create | Villager (Male) |
| 16:48 | Create | Villager (Male) |
| 16:50 | Build | Mining Camp |
| 17:09 | Create | Villager (Male) |
| 17:17 | Build | Archery Range |
| 17:17 | Create | Villager (Male) |
| 17:18 | Create | Villager (Male) |
| 17:18 | Create | Villager (Male) |
| 17:23 | Create | Villager (Male) |
| 17:25 | Research | Gold Mining |
| 17:25 | Research | Gold Mining |
| 17:28 | Create | Galley |
| 17:31 | Create | Villager (Male) |
| 17:34 | Build | House |
| 17:35 | Create | Villager (Male) |
| 17:38 | Research | Tech 906 |
| 17:39 | Research | Tech 906 |
| 17:39 | Create | Trade Cog |
Match timeline
| 0:23 | marineEdgeLord · first_building Dock |
| 0:52 | 10pastnein · first_building Dock |
| 1:10 | simon_taplin · first_building Dock |
| 1:12 | Mibbiwocket · first_building Dock |
| 5:16 | zeyrek · first_building Dock |
| 7:05 | marineEdgeLord · wall_segment Palisade Wall x11 |
| 8:31 | Yojimbo · first_building Dock |
| 9:00 | Yojimbo · first_building Barracks |
| 9:57 | marineEdgeLord · wall_segment Palisade Wall x4 |
| 10:25 | 10pastnein · wall_segment Palisade Wall x1 |
| 10:34 | 10pastnein · wall_segment Palisade Wall x1 |
| 12:03 | marineEdgeLord · wall_segment Palisade Wall x7 |
| 12:19 | marineEdgeLord · first_building Barracks |
| 13:08 | Mibbiwocket · age_up feudal |
| 13:31 | zeyrek · first_building Barracks |
| 13:51 | simon_taplin · age_up feudal |
| 14:33 | marineEdgeLord · wall_segment Palisade Wall x13 |
| 14:48 | Yojimbo · wall_segment Palisade Wall x3 |
| 14:54 | zeyrek · wall_segment Palisade Wall x1 |
| 14:56 | zeyrek · wall_segment Palisade Wall x1 |
| 15:02 | zeyrek · age_up feudal |
| 15:02 | Yojimbo · wall_segment Palisade Wall x4 |
| 15:04 | Yojimbo · wall_segment Palisade Wall x13 |
| 15:20 | marineEdgeLord · wall_segment Palisade Wall x6 |
| 15:38 | zeyrek · wall_segment Palisade Wall x1 |
| 15:41 | marineEdgeLord · age_up feudal |
| 15:47 | zeyrek · wall_segment Palisade Wall x1 |
| 15:54 | zeyrek · wall_segment Palisade Wall x1 |
| 16:02 | marineEdgeLord · wall_segment Palisade Wall x2 |
| 16:31 | 10pastnein · age_up feudal |
| 16:38 | zeyrek · wall_segment Palisade Wall x1 |
| 16:38 | zeyrek · wall_segment Palisade Wall x1 |
| 16:39 | Yojimbo · age_up feudal |
| 16:40 | zeyrek · wall_segment Palisade Wall x1 |
| 17:17 | zeyrek · first_building Archery Range |
| 17:30 | simon_taplin · age_up castle |
| 17:38 | Mibbiwocket · first_building Barracks |
| 18:08 | simon_taplin · first_building Castle |
| 18:49 | Mibbiwocket · age_up castle |
| 18:53 | zeyrek · resign |
| 19:41 | marineEdgeLord · age_up castle |
| 20:27 | marineEdgeLord · first_building Castle |
| 20:42 | simon_taplin · first_market_sell 100 food |
| 20:43 | simon_taplin · first_market_buy 100 wood |
| 20:48 | 10pastnein · first_building Barracks |
| 21:59 | marineEdgeLord · first_building Monastery |
| 22:15 | 10pastnein · first_building Stable |
[ AI ANALYSIS · 1 CREDIT ]
What really happened in this match?
Wolo.gg analyzes every decision: build order, eco, micro, common mistakes by bracket. Personalized analysis on WhatsApp or Discord in 30 seconds.
Civ guide
Italians
Perfil
Mibbiwocket